[Event "ICC tourney 2009 (45 10)"]
[Site "Internet Chess Club"]
[Date "2020.09.19"]
[Round "1"]
[White "HarleyQueen8"]
[Black "dmutalam"]
[Result "1/2-1/2"]
[ICCResult "Game drawn by mutual agreement"]
[WhiteElo "1835"]
[BlackElo "1606"]
[Opening "QGD: exchange, positional line"]
[ECO "D35"]
[NIC "QO.16"]
[Time "11:04:35"]
[TimeControl "2700+10"]

1. d4 d5 2. c4 e6 3. Nc3 Nf6 4. cxd5 exd5 5. Bg5 Be7 6. e3 c6 7. Bd3 Nbd7 8.
Nge2 O-O 9. Qc2 h6 10. Bf4 Nh5 11. O-O Nxf4 12. Nxf4 Nf6 13. Rab1 Qd6 14. b4
a6 15. a4 b5 16. a5 Bd7 17. f3 Rfe8 18. Nfe2 Bd8 19. Qd2 Bc7 20. g3 Qe7 21.
e4 dxe4 22. fxe4 Bh3 23. Rfc1 Qd7 24. Bc2 Rad8 25. Qd3 Bg4 26. Rd1 g6 27. e5
Bf5 28. Qd2 Bxe5 29. Bxf5 Qxf5 30. Rf1 Qe6 31. Qxh6 Bxd4+ 32. Nxd4 Rxd4 33.
Qg5 Kg7 34. Rbc1 Qe3+ 35. Qxe3 Rxe3 36. Nd1 Red3 37. Nf2 Rb3 38. Rxc6 Rdxb4
39. Rxa6 Nd5 40. Ra7 Rf3 41. Nd1 Rxf1+ 42. Kxf1 Ra4 43. Ke1 b4 44. Ra8 b3
45. Kd2 Nb6 46. Ra6 Nc4+ 47. Kc3 Nxa5 48. Nb2 Ra2 49. Nd3 Nc4 50. Kxc4 Rxa6
51. Kxb3 Ra1 52. h3 Rg1 53. g4 Rg3 54. Kc4 Rxh3 55. Kd4 Rg3 56. Nf2 Rg2 57.
Ke3 Kf6 58. Kf3 Rg1 59. Nh3 g5 60. Nxg1 Ke5 61. Ne2 f5
{Game drawn by mutual agreement}
1/2-1/2

[Event "ICC tourney 2009 (45 10)"]
[Site "Internet Chess Club"]
[Date "2020.09.19"]
[Round "2"]
[White "karuto2006"]
[Black "DanielA1926"]
[Result "0-1"]
[ICCResult "White resigns"]
[WhiteElo "1748"]
[BlackElo "1551"]
[Opening "Sicilian: Najdorf, Byrne (English) attack"]
[ECO "B90"]
[NIC "SI.14"]
[Time "13:31:44"]
[TimeControl "2700+10"]

1. e4 c5 2. Nf3 d6 3. d4 cxd4 4. Nxd4 Nf6 5. Nc3 a6 6. Be3 e6 7. f3 b5 8.
Qd2 Bb7 9. g4 Be7 10. Bg2 O-O 11. h4 Nc6 12. Nxc6 Bxc6 13. h5 d5 14. e5 Nd7
15. f4 Nb6 16. Bxb6 Qxb6 17. Ne2 Bc5 18. O-O-O Be3 {White resigns} 0-1

[Event "ICC tourney 2009 (45 10)"]
[Site "Internet Chess Club"]
[Date "2020.09.19"]
[Round "2"]
[White "rpughiii"]
[Black "Queen4aKing"]
[Result "0-1"]
[ICCResult "White resigns"]
[WhiteElo "1634"]
[BlackElo "1526"]
[Opening "Réti: King's Indian attack"]
[ECO "A08"]
[NIC "QP.09"]
[Time "13:32:18"]
[TimeControl "2700+10"]

1. Nf3 d5 2. g3 c5 3. Bg2 Nf6 4. O-O e6 5. d3 Nc6 6. Nbd2 g6 7. e4 Bg7 8.
Qe2 O-O 9. e5 Ng4 10. Re1 Ngxe5 {White resigns} 0-1

[Event "ICC tourney 2009 (45 10)"]
[Site "Internet Chess Club"]
[Date "2020.09.19"]
[Round "2"]
[White "enpassant0"]
[Black "KittiesRock18"]
[Result "0-1"]
[ICCResult "White resigns"]
[WhiteElo "1735"]
[BlackElo "1368"]
[Opening "Sicilian"]
[ECO "B56"]
[NIC "SI.25"]
[Time "13:31:36"]
[TimeControl "2700+10"]

1. e4 c5 2. Nf3 d6 3. d4 cxd4 4. Nxd4 Nf6 5. Nc3 Nc6 6. Be3 e6 7. Be2 d5 8.
exd5 Nxd5 9. Nxd5 Qxd5 10. Bf3 Qa5+ 11. Bd2 Qb6 12. Nxc6 bxc6 13. O-O Ba6
14. Re1 Bc5 15. Be3 O-O 16. Bxc5 Qxc5 17. c3 Bc4 18. b4 Qb6 19. Qa4 Bd5 20.
Be2 a5 21. b5 Qb7 22. bxc6 Bxc6 23. Qg4 Rfd8 24. Rab1 Qc7 25. h4 Rd2 26. h5
Rxa2 27. h6 g6 28. Qd4 e5 29. Qc4 Ra4 30. Qc5 Rh4 31. Rb6 Rh1+ 32. Kxh1
Bxg2+ 33. Kxg2 Qxc5 34. Reb1 Qf8 35. Bf3 Rc8 36. c4 Rxc4 37. Rb8 Rc8 38.
Rxc8 Qxc8 39. Rb5 Qd8 40. Rxe5 a4 41. Bc6 a3 42. Bd5 Kf8 43. Bc4 Qd4 44. Re3
Qxc4 45. Rxa3 Qd5+ 46. Kg1 Qg5+ 47. Rg3 Qxh6 48. Kg2 Qd2 {White resigns} 0-1

[Event "ICC tourney 2009 (45 10)"]
[Site "Internet Chess Club"]
[Date "2020.09.19"]
[Round "2"]
[White "jojoraman"]
[Black "spamazing26"]
[Result "0-1"]
[ICCResult "White resigns"]
[WhiteElo "1359"]
[BlackElo "1817"]
[Opening "French: advance, Paulsen attack"]
[ECO "C02"]
[NIC "FR.03"]
[Time "13:31:40"]
[TimeControl "2700+10"]

1. e4 e6 2. d4 d5 3. e5 c5 4. c3 Nc6 5. Nf3 Nge7 6. Be2 Nf5 7. Be3 cxd4 8.
cxd4 Bb4+ 9. Nc3 Bd7 10. Qb3 Ba5 11. O-O Qb6 12. Qxb6 Bxb6 13. Rad1 Ke7 14.
Bb5 f6 15. Bxc6 Bxc6 16. exf6+ gxf6 17. Rfe1 Rhg8 18. Kh1 Nd6 19. Bf4 Ne4
20. Nxe4 dxe4 21. Ng1 Bd5 22. b3 Rac8 23. Rd2 Ba5 24. Ree2 Bxd2 25. Bxd2 Kd7
26. Be3 Rc6 27. Rd2 Rgc8 28. Rd1 Rc2 29. Ra1 a5 30. Nh3 b5 31. Nf4 a4 32.
bxa4 bxa4 33. a3 R8c3 34. Nh5 Ke7 35. Ng3 Rb2 36. Bc1 Rbc2 37. Be3 Rb3 38.
Nf1 Ra2 39. Rxa2 Rb1 40. Kg1 Bxa2 41. Bd2 Bc4 42. Bb4+ Kd7 {White resigns}
0-1

[Event "ICC tourney 2009 (45 10)"]
[Site "Internet Chess Club"]
[Date "2020.09.19"]
[Round "2"]
[White "ChessStar22"]
[Black "wulovechess"]
[Result "0-1"]
[ICCResult "White checkmated"]
[WhiteElo "1399"]
[BlackElo "1411"]
[Opening "Nimzo-Indian: 4.e3 e8g8, 5.Nf3 d7d5"]
[ECO "E51"]
[NIC "QO.16"]
[Time "13:32:18"]
[TimeControl "2700+10"]

1. d4 d5 2. c4 e6 3. Nc3 Nf6 4. e3 Bb4 5. Nf3 O-O 6. Bd2 Nbd7 7. cxd5 exd5
8. Bd3 c5 9. b3 cxd4 10. Nxd4 Ne5 11. Be2 Qa5 12. Qc2 Bd7 13. a3 Rac8 14.
Rc1 Bxa3 15. Ra1 Qc5 16. O-O Bb4 17. Rfc1 Ba3 18. Rd1 Bb4 19. Rdc1 Ba3 20.
Rd1 Bb4 21. Rdc1 a6 22. Bd3 Nxd3 23. Qxd3 Qe7 24. h3 Ba3 25. Rc2 Bd6 26. Nf5
Bxf5 27. Qxf5 Qe5 28. Qxe5 Bxe5 29. Rac1 Rc5 30. b4 Rc6 31. f4 Bxc3 32. Rxc3
Rfc8 33. Rxc6 Rxc6 34. Rxc6 bxc6 35. Kf2 Ne4+ 36. Ke2 Nxd2 37. Kxd2 f6 38.
Kc3 Kf7 39. Kd4 Ke6 40. Kc5 Kd7 41. g4 Kc7 42. h4 g6 43. f5 gxf5 44. g5 fxg5
45. hxg5 Kd7 46. Kd4 Kd6 47. Kc3 Ke5 48. Kd3 f4 49. exf4+ Kxf4 50. Kd4 Kxg5
51. Kc5 h5 52. Kxc6 h4 53. Kb6 h3 54. Kxa6 h2 55. b5 h1=Q 56. b6 Qa1+ 57.
Kb5 Qb2+ 58. Kc5 Qa3+ 59. Kxd5 Qa5+ 60. Kc6 Qa6 61. Kc7 Qb5 62. b7 Qc5+ 63.
Kd7 Qb6 64. Kc8 Qc6+ 65. Kb8 Kf6 66. Ka7 Qc7 67. Ka8 Qa5+ 68. Kb8 Ke7 69.
Kc8 Qc5+ 70. Kb8 Kd7 71. Ka8 Qa5+ 72. Kb8 Qb6 73. Ka8 Qa6+ 74. Kb8 Kc6 75.
Kc8 Qxb7+ 76. Kd8 Qd7# {White checkmated} 0-1

[Event "ICC tourney 2009 (45 10)"]
[Site "Internet Chess Club"]
[Date "2020.09.19"]
[Round "2"]
[White "Eagle2020"]
[Black "che2468"]
[Result "1-0"]
[ICCResult "Black checkmated"]
[WhiteElo "1605"]
[BlackElo "1482"]
[Opening "Sicilian: Alapin's variation (2.c3)"]
[ECO "B22"]
[NIC "SI.46"]
[Time "13:31:27"]
[TimeControl "2700+10"]

1. e4 c5 2. c3 d5 3. exd5 Qxd5 4. d4 Nf6 5. Nf3 Bg4 6. Be2 e6 7. Na3 a6 8.
Bf4 Nc6 9. O-O Be7 10. Qd3 O-O 11. Rfd1 cxd4 12. cxd4 Nb4 13. Qc4 Qxc4 14.
Nxc4 Nfd5 15. Bg3 Bf5 16. a3 Nc6 17. Rac1 b5 18. Nd6 Bxd6 19. Bxd6 Rfc8 20.
Rc5 Na5 21. Rdc1 Rxc5 22. dxc5 Rc8 23. Nd4 Nb7 24. Nxf5 exf5 25. Bf3 Nxd6
26. Bxd5 Nc4 27. Bxc4 Rxc5 28. Bxf7+ Kxf7 29. Rxc5 g6 30. Rc7+ Kg8 31. Ra7
h5 32. Kf1 g5 33. Ke2 a5 34. Rxa5 Kg7 35. Ra6 Kf7 36. Rb6 Ke7 37. Ke3 Kf7
38. Kd4 h4 39. Rxb5 Kg6 40. Ke5 g4 41. Kf4 h3 42. gxh3 gxh3 43. Rxf5 Kh6 44.
Rg5 Kh7 45. Kf5 Kh6 46. Kf6 Kh7 47. Rg6 Kh8 48. Kf7 Kh7 49. Rf6 Kh8 50. Rh6#
{Black checkmated}
1-0

[Event "ICC tourney 2009 (45 10)"]
[Site "Internet Chess Club"]
[Date "2020.09.19"]
[Round "2"]
[White "whyyoutrysohard"]
[Black "che8642"]
[Result "1-0"]
[ICCResult "Black checkmated"]
[WhiteElo "1632"]
[BlackElo "1474"]
[Opening "QGD Slav: 3.Nf3"]
[ECO "D11"]
[NIC "SL.01"]
[Time "13:31:41"]
[TimeControl "2700+10"]

1. d4 d5 2. c4 c6 3. Nf3 Nf6 4. Qb3 Qc7 5. Nc3 e6 6. g3 Nbd7 7. Bg2 Be7 8.
O-O O-O 9. Nd2 Qd8 10. e4 dxe4 11. Ndxe4 e5 12. d5 cxd5 13. cxd5 Nxe4 14.
Nxe4 Nb6 15. Rd1 Bd7 16. a4 Qe8 17. Nc3 Rc8 18. a5 Nc4 19. Qxb7 Rb8 20. Qxa7
Nxb2 21. Bxb2 Rxb2 22. Qe3 Bb4 23. a6 Qa8 24. Na4 Bxa4 25. Rxa4 Bd6 26. Rc1
Rfb8 27. a7 Re8 28. h4 Rb7 29. Rc6 Rd7 30. Qb6 Bf8 31. d6 Rb7 32. Qc5 g6 33.
Rb6 Bxd6 34. Qxd6 Rxb6 35. Qxb6 e4 36. Bxe4 Qc8 37. a8=Q Qc1+ 38. Kg2 Rxa8
39. Rxa8+ Kg7 40. Qd4+ Kh6 41. Qf6 Qd2 42. Bf3 Qc2 43. Qg5+ Kg7 44. h5 h6
45. Qe5+ f6 46. Qe7# {Black checkmated} 1-0

[Event "ICC tourney 2009 (45 10)"]
[Site "Internet Chess Club"]
[Date "2020.09.19"]
[Round "2"]
[White "Deveshc"]
[Black "Niteshc"]
[Result "1/2-1/2"]
[ICCResult "Game drawn by repetition"]
[WhiteElo "1511"]
[BlackElo "1641"]
[Opening "Caro-Kann: exchange variation"]
[ECO "B13"]
[NIC "CK.02"]
[Time "13:31:46"]
[TimeControl "2700+10"]

1. e4 c6 2. d4 d5 3. exd5 cxd5 4. Bd3 Nc6 5. c3 Nf6 6. h3 g6 7. Nf3 Bg7 8.
Qc2 O-O 9. O-O Re8 10. Bf4 Nh5 11. Bh2 e5 12. dxe5 Nxe5 13. Nbd2 Nxd3 14.
Qxd3 Nf6 15. Qb5 b6 16. Rfe1 Bd7 17. Qb3 Bc6 18. Nd4 Qd7 19. N2f3 Ne4 20.
Nxc6 Qxc6 21. Rad1 Qc5 22. Qxd5 Qxf2+ 23. Kh1 Nf6 24. Rxe8+ Rxe8 25. Qd2 Re2
26. Qd8+ Bf8 27. Rg1 Ne4 28. Ne5 Qf5 29. Ng4 Qxg4 30. Bd6 Ng3+ 31. Kh2 Nf1+
32. Kh1 Ng3+ 33. Kh2 Nf1+ 34. Kh1 Ng3+ 35. Kh2 Nf1+ 36. Kh1 Ng3+
{Game drawn by repetition}
1/2-1/2

[Event "ICC tourney 2009 (45 10)"]
[Site "Internet Chess Club"]
[Date "2020.09.19"]
[Round "2"]
[White "imranchamp"]
[Black "tricksterssbu"]
[Result "1-0"]
[ICCResult "Black resigns"]
[WhiteElo "1830"]
[BlackElo "1682"]
[Opening "Evans gambit: compromised defense"]
[ECO "C52"]
[NIC "IG.05"]
[Time "13:31:43"]
[TimeControl "2700+10"]

1. e4 e5 2. Nf3 Nc6 3. Bc4 Bc5 4. b4 Bxb4 5. c3 Ba5 6. d4 exd4 7. O-O dxc3
8. Qb3 Qe7 9. Nxc3 Nf6 10. e5 Ng4 11. Ba3 d6 12. exd6 cxd6 13. Rfe1 Nge5 14.
Nxe5 Nxe5 15. Rad1 Bc7 16. Nd5 Qd7 17. Nxc7+ Qxc7 18. Bxd6 Qb6 19. Rxe5+
{Black resigns}
1-0

[Event "ICC tourney 2009 (45 10)"]
[Site "Internet Chess Club"]
[Date "2020.09.19"]
[Round "2"]
[White "VincentT2008"]
[Black "happyscientist"]
[Result "0-1"]
[ICCResult "White resigns"]
[WhiteElo "1839"]
[BlackElo "1746"]
[Opening "King's Indian: Sämisch, orthodox, 7.d5"]
[ECO "E87"]
[NIC "KI.41"]
[Time "13:31:24"]
[TimeControl "2700+10"]

1. d4 Nf6 2. c4 g6 3. Nc3 Bg7 4. e4 d6 5. f3 O-O 6. Be3 e5 7. d5 Nbd7 8. Qd2
a6 9. Nge2 Qe7 10. g4 Re8 11. Ng3 Rf8 12. h4 h5 13. gxh5 Nxh5 14. Nxh5 gxh5
15. Bh6 f5 16. exf5 Rxf5 17. Bh3 Qxh4+ 18. Kd1 Bxh6 19. Qxh6 Qg5 20. Qe6+
Rf7 21. Ne4 Qg7 22. Kc2 Nf8 23. Qe8 Bxh3 24. Qxa8 Qg2+ 25. Kb3 Qxf3+ 26. Nc3
Bg2 27. Rh4 Qf2 28. Rxh5 Qb6+ 29. Ka3 a5 30. Rg5+ Kh7 31. b3 Qb4+ 32. Kb2
Rf2+ 33. Kb1 Qxc3 34. Rh5+ Kg7 35. Rg5+ Kf7 36. Rf5+ Rxf5 {White resigns}
0-1

[Event "ICC tourney 2009 (45 10)"]
[Site "Internet Chess Club"]
[Date "2020.09.19"]
[Round "2"]
[White "bgl2011"]
[Black "lmperfectFocus"]
[Result "0-1"]
[ICCResult "White checkmated"]
[WhiteElo "1421"]
[BlackElo "1616"]
[Opening "Giuoco Piano"]
[ECO "C54"]
[NIC "IG.02"]
[Time "13:31:32"]
[TimeControl "2700+10"]

1. e4 e5 2. Nf3 Nc6 3. Bc4 Bc5 4. c3 Nf6 5. d3 d6 6. h3 a6 7. O-O h6 8. Be3
Bxe3 9. fxe3 O-O 10. Qe2 Be6 11. Nbd2 d5 12. exd5 Bxd5 13. Bxd5 Nxd5 14. c4
Ndb4 15. Rfd1 Qxd3 16. Qxd3 Nxd3 17. b3 f5 18. Nf1 e4 19. Ne1 Ncb4 20. Nxd3
Nxd3 21. Ng3 Rad8 22. Rf1 g6 23. Ne2 Rd6 24. Ng3 Rfd8 25. h4 h5 26. a3 Nc5
27. b4 Nb3 28. Ra2 Rd2 29. Rf2 Rxa2 30. Rxa2 Rd1+ 31. Kf2 Nc1 32. Rc2 Nd3+
33. Ke2 Rg1 34. Nf1 Rxg2+ 35. Kd1 Nb2+ 36. Kc1 Rxc2+ 37. Kxc2 Nxc4 38. Kb3
Nd6 39. Kc3 Kf7 40. a4 Ke6 41. Kd4 b6 42. Nd2 Nb7 43. Nc4 Nd6 44. Ne5 c5+
45. bxc5 bxc5+ 46. Kxc5 Kxe5 47. Kb6 Nc4+ 48. Kxa6 Kd5 49. a5 f4 50. exf4 e3
51. Kb5 Nxa5 52. Kxa5 e2 53. Ka6 e1=Q 54. Ka7 Qb4 55. Ka8 Kc6 56. f5 Qb7#
{White checkmated}
0-1

[Event "ICC tourney 2009 (45 10)"]
[Site "Internet Chess Club"]
[Date "2020.09.19"]
[Round "2"]
[White "chessfirelord"]
[Black "wangfang75"]
[Result "1-0"]
[ICCResult "Black resigns"]
[WhiteElo "1595"]
[BlackElo "1859"]
[Opening "QGD: 4.Bg5 Be7"]
[ECO "D53"]
[NIC "QO.13"]
[Time "13:32:18"]
[TimeControl "2700+10"]

1. d4 d5 2. c4 e6 3. Nc3 Nf6 4. Bg5 Be7 5. Nf3 h6 6. Bf4 Nbd7 7. e3 dxc4 8.
Bxc4 Nb6 9. Bd3 Nfd5 10. Be5 O-O 11. O-O c5 12. Nxd5 Nxd5 13. a3 cxd4 14.
Nxd4 Bf6 15. Bxf6 Qxf6 16. Qc2 e5 17. Nf3 Be6 18. Be4 Rac8 19. Qa4 a6 20.
Rac1 Nb6 21. Qb4 Bc4 22. Rfd1 Be2 23. Re1 Bxf3 24. Bxf3 Qe6 25. Bxb7 Rb8 26.
Rc6 Nd5 27. Qc5 Qd7 28. Bxa6 Rxb2 29. Rd6 Qf5 30. e4 Qf4 31. Rxd5 Ra8 32.
Rf1 {Black resigns} 1-0

[Event "ICC tourney 2009 (45 10)"]
[Site "Internet Chess Club"]
[Date "2020.09.19"]
[Round "2"]
[White "Natey"]
[Black "Theutltl"]
[Result "1-0"]
[ICCResult "Black checkmated"]
[WhiteElo "1693"]
[BlackElo "1277"]
[Opening "Sicilian: Pelikan, Chelyabinsk variation"]
[ECO "B33"]
[NIC "SI.37"]
[Time "13:31:48"]
[TimeControl "2700+10"]

1. e4 c5 2. Nf3 Nc6 3. d4 cxd4 4. Nxd4 Nf6 5. Nc3 e5 6. Ndb5 d6 7. Bg5 a6 8.
Na3 b5 9. Nd5 Be7 10. Bxf6 Bxf6 11. c3 O-O 12. Be2 Bb7 13. Nc2 Bg5 14. Nce3
Bxe3 15. Nxe3 Ne7 16. Bf3 Qb6 17. O-O Rfd8 18. Qb3 Qc5 19. c4 Rac8 20. Rac1
b4 21. Rfd1 a5 22. Nd5 Nxd5 23. exd5 Ra8 24. Be4 a4 25. Qh3 h6 26. Rd3 Bc8
27. Qh4 Re8 28. Rg3 Kh8 29. Rf3 Ra7 30. Qh5 Rf8 31. Rf6 g6 32. Qxh6+ Kg8 33.
Bxg6 fxg6 34. Rxf8# {Black checkmated} 1-0

[Event "ICC tourney 2009 (45 10)"]
[Site "Internet Chess Club"]
[Date "2020.09.19"]
[Round "2"]
[White "Randomdude21"]
[Black "TigerSahi"]
[Result "1-0"]
[ICCResult "Black checkmated"]
[WhiteElo "1848"]
[BlackElo "1586"]
[Opening "Scotch gambit"]
[ECO "C44"]
[NIC "SO.06"]
[Time "13:31:34"]
[TimeControl "2700+10"]

1. e4 e5 2. Nf3 Nc6 3. d4 exd4 4. Bc4 Bc5 5. c3 dxc3 6. Bxf7+ Kxf7 7. Qd5+
Ke8 8. Qxc5 d6 9. Qxc3 Nf6 10. O-O Qe7 11. Re1 Kf7 12. Bg5 Re8 13. Nbd2 Kg8
14. Nc4 Ne5 15. Nfxe5 dxe5 16. Kh1 b6 17. f4 Bb7 18. Bxf6 gxf6 19. fxe5 fxe5
20. Qg3+ Kh8 21. Rad1 Rac8 22. Qg4 Rg8 23. Qf5 Rge8 24. Rd7 Qh4 25. g3 Qh6
26. Nxe5 Rf8 27. Nf7+ Rxf7 28. Rxf7 Rd8 29. Rf1 a5 30. Qe5+ Kg8 31. R7f5 Rd6
32. Qe8+ Kg7 33. Qf8+ Kg6 34. Qf7# {Black checkmated} 1-0

[Event "ICC tourney 2009 (45 10)"]
[Site "Internet Chess Club"]
[Date "2020.09.19"]
[Round "2"]
[White "chessKingR"]
[Black "orwind"]
[Result "1-0"]
[ICCResult "Black resigns"]
[WhiteElo "1841"]
[BlackElo "1492"]
[Opening "Benkö gambit accepted"]
[ECO "A58"]
[NIC "BI.41"]
[Time "13:31:46"]
[TimeControl "2700+10"]

1. d4 Nf6 2. c4 c5 3. d5 b5 4. cxb5 a6 5. bxa6 g6 6. Nc3 Bxa6 7. e4 Bxf1 8.
Kxf1 d6 9. Nf3 Nbd7 10. g3 Bg7 11. Kg2 O-O 12. Re1 Nb6 13. Qe2 Nfd7 14. Bd2
e6 15. dxe6 fxe6 16. Qd3 Qe7 17. Bg5 Rxf3 18. Qxf3 Qxg5 19. Qd3 Bxc3 20.
bxc3 d5 21. exd5 exd5 22. Qe2 Rf8 23. a4 d4 24. c4 Qf5 25. a5 d3 26. g4 dxe2
27. gxf5 Nxc4 28. fxg6 hxg6 29. Rxe2 Ra8 30. a6 Ncb6 31. a7 Kf7 32. Kf3 c4
33. Kg4 Kf6 34. Ra6 Kf7 35. Kg5 Rc8 36. Rd2 Ke7 37. Kxg6 c3 38. Rc2 Na8 39.
Ra3 Rg8+ 40. Kf5 Rf8+ 41. Kg5 Rg8+ 42. Kf4 Rf8+ 43. Kg3 Rg8+ 44. Kh3 Nc5 45.
Rcxc3 Ne6 46. Re3 Kf7 47. Rf3+ Ke7 48. Rfe3 Kf7 49. Ra4 Nb6 50. Rxe6 Nxa4
51. Ra6 Ra8 52. Rxa4 {Black resigns} 1-0

[Event "ICC tourney 2009 (45 10)"]
[Site "Internet Chess Club"]
[Date "2020.09.19"]
[Round "2"]
[White "danaglin"]
[Black "HarleyQueen8"]
[Result "0-1"]
[ICCResult "White resigns"]
[WhiteElo "1632"]
[BlackElo "1853"]
[Opening "Sicilian: Grand Prix attack"]
[ECO "B23"]
[NIC "SI.44"]
[Time "13:31:32"]
[TimeControl "2700+10"]

1. e4 c5 2. Nc3 Nc6 3. f4 g6 4. Nf3 Bg7 5. Bb5 Nd4 6. Bd3 a6 7. O-O e6 8.
Ne2 Ne7 9. c3 Ndc6 10. Bc2 d5 11. e5 d4 12. d3 O-O 13. Qe1 f6 14. Ng3 fxe5
15. fxe5 Qc7 16. cxd4 Nxd4 17. Nxd4 Rxf1+ 18. Qxf1 cxd4 19. Bb3 Bxe5 20. Bg5
Nc6 21. Qf3 Bxg3 22. hxg3 Qe5 23. Bf4 Qf5 24. g4 Qf7 25. Rf1 Bd7 26. Qe2 Qe7
27. Bh6 Re8 28. Qd2 Ne5 29. Bg5 Qc5 30. Qe2 Nxd3 31. Qf3 Qxg5 32. Qf7+ Kh8
33. Qxd7 Rd8 34. Qxe6 Qe3+ 35. Qxe3 dxe3 36. Bd1 Nxb2 37. Bf3 Re8 38. Re1
Nd3 39. Re2 Nc1 40. Re1 Nxa2 41. Bxb7 a5 42. Bd5 Nc3 43. Bc6 Re6 44. Bf3 a4
45. Be2 a3 46. Bc4 Re5 {White resigns} 0-1

[Event "ICC tourney 2009 (45 10)"]
[Site "Internet Chess Club"]
[Date "2020.09.19"]
[Round "2"]
[White "Mapking1"]
[Black "steinutz"]
[Result "1-0"]
[ICCResult "Black resigns"]
[WhiteElo "1697"]
[BlackElo "1757"]
[Opening "Scandinavian (center counter) defense"]
[ECO "B01"]
[NIC "VO.17"]
[Time "13:32:01"]
[TimeControl "2700+10"]

1. e4 d5 2. exd5 Qxd5 3. c4 Qd6 4. Be2 Nf6 5. Nf3 c6 6. O-O Bf5 7. b3 e6 8.
Ba3 Qc7 9. Bxf8 Rxf8 10. d4 Nbd7 11. Nc3 O-O-O 12. b4 h6 13. b5 c5 14. Qc1
Nb6 15. a4 cxd4 16. a5 Nxc4 17. b6 axb6 18. Nb5 Qc5 19. Bxc4 Kd7 20. Nfxd4
Be4 21. Rd1 Ke7 22. axb6 e5 23. f3 exd4 24. fxe4 Nxe4 25. Bd3 Qxb6 26. Bxe4
d3+ 27. Kh1 Qxb5 28. Qa3+ Kf6 29. Qc3+ Ke7 30. Qxg7 d2 31. Qxh6 Rd6 32. Qe3
Qe5 33. Rab1 b5 34. Rxd2 Rxd2 35. Qxd2 Qxe4 36. Re1 f5 37. Rxe4+ fxe4 38. h4
Re8 39. Qg5+ Kd6 40. Qxb5 e3 41. Qxe8 {Black resigns} 1-0

[Event "ICC tourney 2009 (45 10)"]
[Site "Internet Chess Club"]
[Date "2020.09.19"]
[Round "2"]
[White "bonnelleo1"]
[Black "fhunfi"]
[Result "1-0"]
[ICCResult "Black resigns"]
[WhiteElo "1937"]
[BlackElo "1748"]
[Opening "Queen's pawn"]
[ECO "A40"]
[NIC "QO.17"]
[Time "13:32:05"]
[TimeControl "2700+10"]

1. d4 e6 2. Nf3 f5 3. Bf4 Nf6 4. e3 b6 5. Nbd2 Bb7 6. c4 Be7 7. Bd3 O-O 8.
h3 d6 9. Qc2 Qe8 10. O-O Bd8 11. e4 fxe4 12. Nxe4 Nbd7 13. Bh2 h6 14. Rfe1
d5 15. Nxf6+ Bxf6 16. Bg6 Qe7 17. Ne5 Bxe5 18. Bxe5 c5 19. dxc5 bxc5 20. Qb3
Nb6 21. cxd5 Bxd5 22. Qg3 Nc4 23. Bc3 Nd6 24. Rad1 Nf5 25. Qe5 Qg5 26. Rxd5
exd5 27. Qxd5+ Kh8 28. Bxf5 Qxf5 29. Qxf5 Rxf5 30. Re7 Rg5 31. f4 Rg6 32. f5
Rg5 33. f6 gxf6 34. Bxf6+ Kg8 35. Bxg5 hxg5 36. Re5 Rb8 37. b3 Rc8 38. Rxg5+
Kf7 39. Kf2 c4 40. bxc4 Rxc4 41. Ra5 Rc7 42. Ra6 Kg7 43. g4 Rf7+ 44. Kg3 Rb7
45. h4 {Black resigns} 1-0

[Event "ICC tourney 2009 (45 10)"]
[Site "Internet Chess Club"]
[Date "2020.09.19"]
[Round "2"]
[White "ScoutViolet"]
[Black "StevChess01"]
[Result "1/2-1/2"]
[ICCResult "Game drawn by mutual agreement"]
[WhiteElo "1626"]
[BlackElo "1892"]
[Opening "Sicilian: O'Kelly variation"]
[ECO "B28"]
[NIC "SI.43"]
[Time "13:32:38"]
[TimeControl "2700+10"]

1. e4 c5 2. Nf3 a6 3. c3 e6 4. d4 d5 5. dxc5 Bxc5 6. exd5 exd5 7. Bf4 Nc6 8.
Nbd2 Nge7 9. Bd3 O-O 10. O-O Bf5 11. Qc2 Bxd3 12. Qxd3 Ng6 13. Bg3 Nce7 14.
Nb3 Bb6 15. Rad1 Qc8 16. Nbd4 Bxd4 17. Nxd4 Qc4 18. b3 Qxd3 19. Rxd3 Rfd8
20. Rfd1 Rac8 21. Ne2 b5 22. Rd4 Rc6 23. c4 bxc4 24. bxc4 Rc5 25. Nc3 Kf8
26. Nxd5 Nc6 27. Re4 f5 28. Ree1 Rxc4 29. Ne3 Rxd1 30. Rxd1 Ra4 31. Bd6+ Kf7
32. Nxf5 Rxa2 33. Kf1 Ra5 34. Ne3 Nge5 35. f4 Ng6 36. Bc7 Ra4 37. g3 Nge7
38. Rd2 g6 39. Kf2 Ra1 40. Ng4 Ra4 41. Ne5+ Nxe5 42. Bxe5 Ra5 43. Bc3 Ra4
44. Be5 Ra5 45. Rd7 Ke6 46. Rd6+ Kf7 47. Rd7 Ke6 48. Rd2 Ra4 49. Rd6+ Kf7
50. Rd7 Ke6 51. Rd6+ Kf7 52. Rd7 Ke6 53. Rd6+ Kf7 54. Rd7 Ke6 55. Rd6+ Kf7
56. Rd2 Ke6 {Game drawn by mutual agreement} 1/2-1/2

[Event "ICC tourney 2009 (45 10)"]
[Site "Internet Chess Club"]
[Date "2020.09.19"]
[Round "2"]
[White "DavGasparyan"]
[Black "speedyplot"]
[Result "0-1"]
[ICCResult "White checkmated"]
[WhiteElo "1832"]
[BlackElo "1755"]
[Opening "Sicilian: Smith-Morra gambit"]
[ECO "B21"]
[NIC "SI.48"]
[Time "13:31:52"]
[TimeControl "2700+10"]

1. e4 c5 2. d4 cxd4 3. c3 dxc3 4. Nxc3 d6 5. Bc4 Nc6 6. Nf3 a6 7. a4 Nf6 8.
Bg5 e6 9. Qe2 Be7 10. Rd1 Qc7 11. O-O O-O 12. Ba2 Bd7 13. Qd2 Rfd8 14. Rc1
h6 15. Bh4 Rac8 16. Nd5 exd5 17. exd5 Qa5 18. dxc6 Qxd2 19. Nxd2 Rxc6 20.
Bb3 Kf8 21. Rce1 Bf5 22. Re3 d5 23. Rfe1 Bb4 24. Rd1 g5 25. Bg3 d4 26. Re5
Bc2 27. Bxc2 Rxc2 28. Nf3 d3 29. Kf1 d2 30. Re3 Nd5 31. Rd3 Rc1 32. Ke2 Re8+
33. Ne5 Nf4+ 34. Bxf4 gxf4 35. Rd5 f6 36. R1xd2 fxe5 37. Rd1 Rc2+ 38. Kf3
Rxb2 39. Rd7 e4+ 40. Kxf4 Rxf2+ 41. Kg3 e3 42. Rc1 Rf6 43. Rxb7 Bd2 44. Rcc7
e2 45. Rh7 e1=Q+ 46. Kh3 Qe6+ 47. g4 Rf3+ 48. Kh4 Bg5+ 49. Kh5 Rh3#
{White checkmated}
0-1

[Event "ICC tourney 2009 (45 10)"]
[Site "Internet Chess Club"]
[Date "2020.09.19"]
[Round "2"]
[White "chessmilano"]
[Black "DLWarrior"]
[Result "0-1"]
[ICCResult "White resigns"]
[WhiteElo "1718"]
[BlackElo "1928"]
[Opening "Queen's pawn, Mason variation, Steinitz counter-gambit"]
[ECO "D00"]
[NIC "QP.08"]
[Time "13:31:43"]
[TimeControl "2700+10"]

1. d4 d5 2. Bf4 c5 3. e3 Nc6 4. Nf3 Nf6 5. Be2 Bg4 6. h3 Bh5 7. c3 e6 8.
Nbd2 Qb6 9. Qc1 Be7 10. O-O O-O 11. dxc5 Bxc5 12. Bd3 Rfe8 13. Ne5 Nxe5 14.
Bxe5 Nd7 15. Bd4 e5 16. Bxc5 Nxc5 17. Bc2 e4 18. Nb3 Nd7 19. Bd1 Qg6 20.
Bxh5 Qxh5 21. Qd1 Qg5 22. Nd4 Ne5 23. Kh1 Rad8 24. Qa4 a6 25. Rad1 Nd3 26.
Rd2 Qg6 27. Kh2 Re5 28. f4 exf3 29. Rxf3 Rg5 30. Qc2 Qd6+ 31. Kh1 Ne1 32.
Qd1 Nxf3 33. Nxf3 Rg6 34. c4 Qc5 35. Qb3 Rb6 36. Qd3 Rbd6 37. Ng5 g6 38. Qf1
f6 39. Nf3 dxc4 40. Nd4 b5 41. Rc2 Qe5 42. Qf3 Re8 43. Rc3 f5 44. a3 f4 45.
Nc2 Qe4 46. Qf2 Rd3 47. exf4 Rxc3 48. bxc3 Qe2 49. Qc5 Qxc2 50. Qd5+ Kf8 51.
Qd6+ Kf7 52. Qd5+ Re6 53. Qd7+ Re7 54. Qd5+ Kg7 55. Qd4+ Kh6 56. Qf6 Re1+
57. Kh2 Qf2 58. Qf8+ Kh5 59. Qc5+ Qxc5 {White resigns} 0-1